 Dungeon Crawl Stone Soup version 0.30-a0-778-g2ef04afb54 (webtiles) character file.

Game seed: 7739532742706965331

94 domi the Conjurer (level 4, 0/43 (45) HPs)
             Began as a Demonspawn Hedge Wizard on Feb 15, 2023.
             Slain by a crimson imp
             ... wielding a +0 dagger of chaos
              (12 damage)
             ... on level 3 of the Dungeon.
             The game lasted 00:05:04 (2374 turns).

domi the Conjurer (Demonspawn Hedge Wizard)         Turns: 2374, Time: 00:05:05

HP:   0/43 (45)     AC: 22    Str: 11    XL:     4   Next: 38%
MP:   5/8           EV:  2    Int: 17    God:
Gold: 116           SH:  0    Dex: 12    Spells: 1/9 levels left

rFire   . . .      SeeInvis .    a - +0 dagger
rCold   . . .      Faith    .    (no shield)
rNeg    . . .      Spirit   .    (body armour currently unavailable)
rPois   +          Reflect  .    (helmet currently unavailable)
rElec   .          Harm     .    (cloak currently unavailable)
rCorr   .          Rampage  .    (gloves currently unavailable)
Will    .....      NoTele   +    (boots currently unavailable)
Stlth   ++                       (no amulet)
HPRegen 0.27/turn                (no ring)
MPRegen 0.11/turn                (no ring)

@: lethally poisoned (0 -> -1), tree-form, lightly drained
A: stationary, stasis, torment immunity, boosted hp, (antennae 1), powered by
pain 1, condensation shield
a: no special abilities


You were on level 3 of the Dungeon.
You were a tree.
You visited 1 branch of the dungeon, and saw 3 of its levels.

You collected 116 gold pieces.

Inventory:

Hand Weapons
 a - a +0 dagger (weapon)
Armour
 b - a +0 robe (melded)
 c - a +0 hat (melded)
 h - a +0 pair of boots
   (You found it on level 1 of the Dungeon)
 n - a +0 pair of boots
   (You found it on level 2 of the Dungeon)
Jewellery
 j - an amulet of the acrobat
   (You found it on level 1 of the Dungeon)
 q - an amulet of magic regeneration
   (You found it on level 2 of the Dungeon)
Scrolls
 e - 3 scrolls of identify {unknown}
 f - a scroll of enchant armour {unknown}
 g - a scroll of fear {unknown}
 i - 4 scrolls of magic mapping {unknown}
 o - a scroll of teleportation {unknown}
 p - a scroll of torment {unknown}
 t - a scroll of enchant weapon {unknown}
Potions
 k - a potion of lignification {!q!q}
 l - 2 potions of curing {unknown}
 m - a potion of flight {unknown}
 r - a potion of resistance {unknown}
 s - a potion of attraction {unknown}


   Skills:
 - Level 1.7 Dodging
 - Level 1.7 Stealth
 - Level 3.0 Spellcasting
 + Level 4.3 Conjurations
 - Level 1.0 Summonings
 - Level 0.8 Translocations


You had one spell level left.
You knew the following spells:

 Your Spells              Type           Power      Damage    Failure   Level
b - Blink                 Tloc           10%        N/A       19%         2
c - Mephitic Cloud        Conj/Pois/Air  7%         N/A       28%         3
x - Call Imp              Summ           5%         N/A       17%         2
z - Magic Dart            Conj           68%        1d6       3%          1

Your spell library contained the following spells:

 Spells                   Type           Power      Damage    Failure   Level
 Slow                     Hex            8%         N/A       17%         1
 Cigotuvi's Dreadful Rot  Necr/Pois/Air  4%         N/A       26%         2
 Sublimation of Blood     Necr           2%         N/A       26%         2
 Wereblood                Tmut           2%         N/A       26%         2
 Summon Hydra             Summ           2%         N/A       100%        7


Dungeon Overview and Level Annotations

Branches:
Dungeon (3/15)

Altars:
Trog
Xom

Annotations:
D:3 1 runed translucent door, Sigmund; necrobotica's ghost, amateur MiFi


Innate Abilities, Weirdness & Mutations

You are a tree.
Your roots penetrate the ground, keeping you stationary.
You cannot be teleported.
You are immune to unholy pain and torment.
Your maximum health is greatly increased.
Your equipment is partially melded.
((You have a pair of small antennae on your head.))
You sometimes gain a little power by taking damage.
A meltable shield of frost defends you. (SH +0)


Message History

The crimson imp misses you.
You take 1 damage, and have 29/30 hp.
You now have 0/8 mp.
You don't have enough magic to cast this spell.
You don't have enough magic to cast this spell.
You don't have enough magic to cast this spell.
You don't have enough magic to cast this spell.
Unknown command.
Really walk into that dispersal trap?
You enter a dispersal trap!
The crimson imp blinks! x7
You blink.
You enter a dispersal trap!
The crimson imp blinks! x4
You blink.
The crimson imp enters a dispersal trap!
The crimson imp blinks! x4
The crimson imp enters a dispersal trap!
The crimson imp blinks! x3
You blink.
The crimson imp blinks!
You blink.
You enter a dispersal trap!
The crimson imp blinks!
You blink.
The crimson imp blinks!
The crimson imp enters a dispersal trap!
The crimson imp blinks!
The crimson imp enters a dispersal trap!
You blink.
The crimson imp blinks!
Unknown command.
Unknown command.
Your magical contamination has completely faded away.
The crimson imp enters a dispersal trap!
The crimson imp blinks! x2
You blink.
The crimson imp blinks! x2; You block the crimson imp's attack.
You barely miss the crimson imp.
You hear the brisk rusting of a distant drain.
The crimson imp blinks!
Health restored: 30 The crimson imp attacks as you move away!
The crimson imp barely misses you.
The crimson imp hits you with a +0 dagger of chaos.
The crimson imp freezes you.
You take 3 damage, and have 27/30 hp.
You closely miss the crimson imp. The crimson imp misses you.
The crimson imp spits at you. The crimson imp hits you.
You take 1 damage, and have 26/30 hp.
The crimson imp hits you with a +0 dagger of chaos.
Your condensation shield dissipates!
The crimson imp burns you. The crimson imp hits you.
You take 9 damage, and have 17/30 hp.
MASSIVE DAMAGE!!
The crimson imp attacks as you move away!
The crimson imp barely misses you.
The crimson imp attacks as you move away!
The crimson imp barely misses you.
The crimson imp shouts, "Return whence thou came, thou infectious bat-fowling skainsmate!"
The crimson imp blinks!
The crimson imp hits you.
You take 1 damage, and have 16/30 hp.
You open the door. The crimson imp closely misses you.
The crimson imp hits you but does no damage. x2
The crimson imp hits you.
There is an open door here.
You take 1 damage, and have 15/30 hp.
The crimson imp attacks as you move away!
The crimson imp closely misses you.
The crimson imp attacks as you move away!
The crimson imp hits you with a +0 dagger of chaos.
You are poisoned.
You feel sick.
You take 4 damage, and have 11/30 hp.
It was a potion of lignification.
You turn into a tree.
Your +0 hat melds into your body.
Your +0 robe melds into your body.
Your roots penetrate the ground.
You feel sick.
You now have 16/45 hp.
Magic courses through your body.
You feel sick. The crimson imp barely misses you.
The crimson imp hits you but does no damage.
The crimson imp grins evilly.
You take 1 damage, and have 15/45 hp.
MP restored: 8
Aim: a crimson imp, wielding a +0 dagger of chaos (100% to hit)
The magic dart hits the crimson imp.
You feel sick.
The crimson imp hits you but does no damage. x2
You take 1 damage, and have 14/45 hp.
You now have 7/8 mp.
Aim: a crimson imp, wielding a +0 dagger of chaos (100% to hit)
The magic dart hits the crimson imp.
You feel sick.
The crimson imp hits you but does no damage.
You feel drained.
The crimson imp hits you but does no damage.
You take 1 damage, and have 13/43 hp.
Aim: a crimson imp, wielding a +0 dagger of chaos (lightly wounded, 100% to hit)
The magic dart hits the crimson imp.
You feel sick.
The crimson imp hits you but does no damage. x2
You now have 6/8 mp.
Aim: a crimson imp, wielding a +0 dagger of chaos (heavily wounded, 100% to hit)
The magic dart hits the crimson imp.
You feel sick.
The crimson imp hits you but does no damage.
You are electrocuted!
You die...

#...........
.######.#.#.#.#.
.##....##....... .##.#
#.#.####.. #.##># #.##
### #.##.####.# 8P
#.........# W?.
###..#.######## #+#
#5♣..#.######.##...
####5####..<..........
#.^.5.^.#............#
###._.#######.........
#.^...^.######.....###
####'####.............
#......######.####.
######## ### #. #.


You could see 3 crimson imps.

Vanquished Creatures
  3 adders
  2 worms
  9 ball pythons
  8 bats
  2 endoplasms
  2 giant cockroaches (D:1)
  12 goblins
  3 hobgoblins
  5 kobolds
  4 quokkas
  3 frilled lizards (D:1)
  6 rats
59 creatures vanquished.

Vanquished Creatures (others)
  A plant (D:2)
  2 withered plants (D:3)
3 creatures vanquished.

Grand Total: 62 creatures vanquished

Notes
Turn   | Place    | Note
-------+----------+-------------------------------------------
     0 | D:1      | domi the Demonspawn Hedge Wizard began the quest for the
                  | Orb.
     0 | D:1      | Reached XP level 1. HP: 13/13 MP: 4/4
    94 | D:1      | Reached skill level 2 in Conjurations
   129 | D:1      | Gained mutation: A meltable shield of frost defends you.
                  | (SH +0) [demonic ancestry]
   129 | D:1      | Reached XP level 2. HP: 19/19 MP: 3/6
   132 | D:1      | Learned a level 2 spell: Call Imp
   135 | D:1      | Learned a level 2 spell: Blink
   714 | D:1      | Reached skill level 3 in Conjurations
   758 | D:1      | Gained mutation: You have a pair of small antennae on your
                  | head. [demonic ancestry]
   758 | D:1      | Reached XP level 3. HP: 24/24 MP: 4/7
   762 | D:1      | Learned a level 3 spell: Mephitic Cloud
  1701 | D:2      | Gained mutation: You sometimes gain a little power by
                  | taking damage. [demonic ancestry]
  1701 | D:2      | Reached XP level 4. HP: 30/30 MP: 4/8
  1799 | D:2      | Reached skill level 4 in Conjurations
  2113 | D:3      | Noticed Sigmund
  2140 | D:3      | Found a runed translucent door.
  2141 | D:3      | Noticed necrobotica's ghost (amateur MiFi)
  2218 | D:3      | Found a bloodstained altar of Trog.
  2348 | D:3      | Found a shimmering altar of Xom.
  2374 | D:3      | Slain by a crimson imp

Illustrated notes

Levels and vault maps discovered:
D:1:      dpeg_arrival_stonehenge_8_columns, layout_basic,
          minmay_misc_feat_more_columns, minmay_pentomino_o2
D:2:      cheibrodos_old_hovel, layout_basic
D:3:      layout_loops_ring, mainiacjoe_overflow_cross_hatched, led_xom_imps,
          mainiacjoe_overflow_chevrons, ebering_ecumenical_altar_petrified,
          gammafunk_ghost_grave, portal_sewer_entry_e, uniq_sigmund

Skill      XL: |  1  2  3  4 |
---------------+-------------+-----
Conjurations   | 2 3 4 |  4.3
Dodging        | |  1.7
Stealth        | |  1.7
Spellcasting   | |  3.0
Summonings     | |  1.0
Translocations | |  0.8

Action                     |  1- 3 |  4- 6 || total
---------------------------+-------+-------++-------
  Melee: Dagger            |    60 |    16 ||    76
   Cast: Magic Dart        |    91 |    48 ||   139
    Use: Potion            |       |     2 ||     2
 Armour: Robe              |    23 |     5 ||    28
         Skin              |       |     8 ||     8
  Dodge: Dodged            |    53 |    16 ||    69
  Block: Other             |    13 |     6 ||    19

Table legend: (Time is in decaauts)
 A = Elapsed time spent in this place.
 B = Non-inter-level travel time spent in this place.
 C = Inter-level travel time spent in this place.
 D = Time resting spent in this place.
 E = Time spent auto-exploring this place.
 F = Levels seen in this place.
 G = Mean time per level.
                   A        B        C        D        E       F      G
               +--------+--------+--------+--------+--------+-----+--------+
         Total |   2374 |   2351 |     23 |    288 |   1506 |   3 |  791.3 |
       Dungeon |   2374 |   2351 |     23 |    288 |   1506 |   3 |  791.3 |
               +--------+--------+--------+--------+--------+-----+--------+

Top non-repeatable levels by time:
     D:1: 1322 daAuts
     D:2: 785 daAuts
     D:3: 266 daAuts

Table legend:
 A = Kills in this place as a percentage of kills in entire the game.
 B = Kills by you in this place as a percentage of kills by you in the entire game.
 C = Kills by friends in this place as a percentage of kills by friends in the entire game.
 D = Other kills in this place as a percentage of other kills in the entire game.
 E = Experience gained in this place as a percentage of experience gained in the entire game.
 F = Experience gained in this place divided by the number of levels of this place that you have seen.
                   A       B       C       D       E      F
               +-------+-------+-------+-------+-------+----------------------
         Total | 100.0 | 100.0 |   N/A |   N/A | 100.0 |  45.0
       Dungeon | 100.0 | 100.0 |   N/A |   N/A | 100.0 |  45.0
               +-------+-------+-------+-------+-------+----------------------
